 Dungeon Crawl Stone Soup version 0.24-a0-275-g6f7e2cb (webtiles) character file.

Game seed: 17558199017681760594

685 TheOvate the Ducker (level 7, -14/36 HPs)
             Began as a Kobold Ice Elementalist on Apr 28, 2019.
             Was a Follower of Dithmenos.
             Shot with an arrow by a centaur (15 damage)
             ... on level 5 of the Dungeon.
             The game lasted 00:22:41 (6653 turns).

TheOvate the Ducker (Kobold Ice Elementalist)       Turns: 6653, Time: 00:22:42

Health: -14/36     AC:  3    Str:  7    XL:     7   Next: 93%
Magic:  8/13       EV: 19    Int: 16    God:    Dithmenos [*.....]
Gold:   191        SH:  0    Dex: 16    Spells: 8/14 levels left

rFire    + . .     SeeInvis .   t - +2 dagger (protect)
rCold    x . .     Gourm    .   (shield restricted)
rNeg     . . .     Faith    .   a - +0 robe
rPois    .         Spirit   .   o - +0 helmet
rElec    .         Reflect  .   (no cloak)
rCorr    .         Harm     .   (no gloves)
MR       .....                  (no boots)
Stlth    ++++......             (no amulet)
HPRegen  0.12/turn              k - ring of fire
MPRegen  0.13/turn              (no ring)

@: very slightly contaminated, wreathed by umbra
A: small, carnivore
a: Renounce Religion


You were on level 5 of the Dungeon.
You worshipped Dithmenos.
Dithmenos was aware of your devotion.
You were completely stuffed.

You visited 1 branch of the dungeon, and saw 5 of its levels.

You collected 191 gold pieces.

Inventory:

Hand Weapons
 t - a +2 dagger of protection (weapon)
Armour
 a - a +0 robe (worn)
 o - a +0 helmet (worn)
Jewellery
 e - an uncursed ring of see invisible {unknown}
 k - a ring of fire (left hand)
Wands
 g - a wand of flame (15)
Scrolls
 b - 2 scrolls of remove curse
 d - a scroll of immolation
 f - 3 scrolls of teleportation
 h - 3 scrolls of fear {unknown}
 i - 2 scrolls of fog {unknown}
 j - 3 scrolls of identify {unknown}
 l - a scroll of amnesia {unknown}
 n - a scroll of enchant weapon {unknown}
 p - a scroll of noise {unknown}
 q - a scroll of enchant armour {unknown}
Potions
 m - a potion of agility
Comestibles
 c - 12 rations
 r - 2 chunks of flesh


   Skills:
 - Level 0.2 Short Blades
 - Level 6.2 Dodging
 + Level 6.2 Stealth
 - Level 4.2 Spellcasting
 - Level 2.0 Conjurations
 - Level 0.4 Charms
 - Level 4.0 Ice Magic


You had 8 spell levels left.
You knew the following spells:

 Your Spells              Type           Power        Failure   Level  Hunger
a - Freeze                Ice            ###.         3%          1    None
b - Throw Frost           Conj/Ice       ##....       7%          2    ##.....
c - Ozocubu's Armour      Chrm/Ice       ##......     21%         3    ###....

Your spell library contained the following spells:

 Spells                   Type           Power        Failure   Level  Hunger
 Throw Icicle             Conj/Ice       ##......     43%         4    ####...
 Summon Ice Beast         Ice/Summ       #.......     56%         4    ####...


Dungeon Overview and Level Annotations

Branches:
Dungeon (5/15)             Temple (0/1) D:5

Altars:
Dithmenos
Kikubaaqudgha
Nemelex Xobeh
Okawaru
Trog
Zin


Innate Abilities, Weirdness & Mutations

You are small and have problems with some larger weapons.
You are carnivorous and can eat meat at any time.


Message History

The orc throws a stone.
The stone misses you.
The orc wizard mumbles some strange words.
The orc wizard blinks!
The orc throws a stone.
The stone closely misses you.
The stone barely misses the orc wizard.
The orc wizard gestures wildly while chanting.
The orc wizard blinks!
The orc throws a stone.
The stone hits you.
You see here a stone.
The orc priest calls down the wrath of Beogh upon you.
Beogh smites you!
The orc wizard casts a spell.
The orc wizard blinks!
The orc throws a stone.
The stone completely misses you.
The orc throws a stone.
The stone misses you.
The centaur shoots an arrow.
The arrow closely misses you.
The centaur shoots an arrow.
The arrow barely misses you.
You see here an arrow.
The centaur shoots an arrow.
The arrow hits you!
* * * LOW HITPOINT WARNING * * *
The centaur shoots an arrow.
The arrow hits you!
You die...

...###.....o.....................
.### #...(.o.....................
...# #.##.##..........c..........
##..##.##.###.(.............?....
..............>........#.##...
#####'#######.#...#####....## #
#.......#.(..(......).....# #
#.......###(.......####.### ##
###...8...###@#...##...##.###
.###.'.[.....'......#####......#
.....#...8...#.#.(.## ###.##.#
#.##.#.......#...#.# #.##.##
#.####.......#.###.# .. #.).
#.#######'#######.)# .## ####
#.....#......####.## . #
#....#.......##.<.# . #
#............##.###


You could see a centaur.

Vanquished Creatures
  A centaur (D:5)
  A howler monkey (D:5)
  A centaur zombie (D:5)
  3 orc priests
  3 orc wizards
  2 hounds (D:5)
  Natasha (D:2)
  A gnoll shaman (D:3)
  2 worker ants
  A worker ant zombie (D:5)
  5 gnolls
  5 adders
  An adder skeleton (D:4)
  2 worms
  A leopard gecko (D:5)
  16 orcs
  A ball python (D:2)
  3 bats
  4 giant cockroaches
  9 goblins
  6 hobgoblins
  4 jackals (D:4)
  6 kobolds
  2 quokkas (D:4)
  A ball python zombie (D:5)
  4 frilled lizards
  A jackal skeleton (D:4)
  A leopard gecko zombie (D:5)
  10 rats
98 creatures vanquished.

Notes
Turn   | Place    | Note
-------+----------+-------------------------------------------
     0 | D:1      | TheOvate the Kobold Ice Elementalist began the quest for
                  | the Orb.
     0 | D:1      | Reached XP level 1. HP: 10/10 MP: 3/3
    26 | D:1      | Found a sparkling altar of Nemelex Xobeh.
    69 | D:1      | You fall through a shaft!
   349 | D:1      | Reached XP level 2. HP: 6/15 MP: 0/5
  1179 | D:2      | Reached XP level 3. HP: 10/19 MP: 0/6
  1531 | D:2      | Found a glowing silver altar of Zin.
  1533 | D:2      | Found a shadowy altar of Dithmenos.
  1533 | D:2      | Found an ancient bone altar of Kikubaaqudgha.
  1555 | D:2      | Noticed Natasha
  1670 | D:2      | Became a worshipper of Dithmenos the Shadowed
  1684 | D:2      | Learned a level 2 spell: Throw Frost
  1688 | D:2      | Learned a level 3 spell: Ozocubu's Armour
  1701 | D:2      | Killed Natasha
  1701 | D:2      | Reached XP level 4. HP: 15/24 MP: 3/7
  2543 | D:3      | Noticed a phantom
  2552 | D:3      | Reached XP level 5. HP: 28/28 MP: 0/8
  2852 | D:3      | Reached skill level 5 in Dodging
  3599 | D:3      | Reached XP level 6. HP: 3/32 MP: 0/9
  4397 | D:4      | Found a bloodstained altar of Trog.
  4398 | D:4      | Found an iron altar of Okawaru.
  5082 | D:4      | Noticed an ogre
  5207 | D:5      | Entered Level 5 of the Dungeon
  5218 | D:5      | Found a staircase to the Ecumenical Temple.
  5318 | D:5      | Reached * piety under Dithmenos
  5522 | D:5      | Reached XP level 7. HP: 36/36 MP: 5/12
  6425 | D:5      | Reached skill level 5 in Stealth
  6653 | D:5      | HP: 1/36 [centaur/arrow (14)]
  6653 | D:5      | Shot with an arrow by a centaur

Levels and vault maps discovered:
D:1:      minmay_arrival_floating_metal, layout_loops_ring,
          nemelex_xobeh_ov_fountains_minmay
D:2:      layout_rooms, chequers_temple_overflow_statue_of_worship, uniq_natasha
D:3:      layout_basic, st_stairs_6
D:4:      layout_loops_ring, grunt_temple_overflow_bloody_war, first_ration,
          minmay_puff
D:5:      layout_rooms, minmay_temple_entry_stoned_glass,
          kennysheep_generic_room_11

Skill      XL: |  1  2  3  4  5  6  7 |
---------------+----------------------+-----
Ice Magic      | 4 |  4.0
Dodging        | 3 4 5 6 |  6.2
Spellcasting   | 3 4 |  4.2
Conjurations   | 2 |  2.0
Stealth        | 6 |  6.2
Short Blades   | |  0.2
Charms         | |  0.4

Action                   |  1- 3 |  4- 6 |  7- 9 || total
-------------------------+-------+-------+-------++-------
Melee: Dagger            |    30 |    25 |    48 ||   103
       Unarmed           |     2 |       |       ||     2
       Short sword       |     1 |       |       ||     1
 Cast: Freeze            |    37 |   100 |    55 ||   192
       Throw Frost       |       |     7 |     2 ||     9
       Ozocubu's Armour  |       |     3 |     6 ||     9
  Use: Scroll            |     1 |     3 |       ||     4
       Potion            |       |     2 |     1 ||     3
 Stab: Sleeping          |     3 |     9 |     1 ||    13
       Distracted        |       |     1 |     1 ||     2
  Eat: Chunk             |    11 |    14 |     4 ||    29
Armor: Robe              |     4 |    10 |    13 ||    27
Dodge: Dodged            |    45 |   110 |   109 ||   264

Table legend:
 A = Non-vault XP
 B = Vault XP
 C = Vault XP percentage of total XP
 D = Non-vault monster count
 E = Vault monster count
 F = Vault count percentage of total count
                 A         B        C        D         E       F
            +---------+---------+-------+---------+---------+-------
      Total |     935 |      44 |   4.5 |      93 |       5 |   5.1
            +---------+---------+-------+---------+---------+-------
        D:1 |      23 |       0 |   0.0 |      14 |       0 |   0.0
        D:2 |      57 |      35 |  38.0 |      16 |       1 |   5.9
        D:3 |     193 |       1 |   0.5 |      21 |       1 |   4.5
        D:4 |     110 |       5 |   4.3 |      19 |       2 |   9.5
        D:5 |     552 |       3 |   0.5 |      23 |       1 |   4.2
            +---------+---------+-------+---------+---------+-------
